 Dungeon Crawl Stone Soup version 0.30-a0-840-ga523dec638 (webtiles) character file.

Game seed: 10581180426506258429

100 cforsyth the Sneak (level 5, -2/32 HPs)
             Began as a Kobold Brigand on Mar 2, 2023.
             Killed from afar by Ijyb (17 damage)
             ... with a bolt of dispelling energy
             ... on level 3 of the Dungeon.
             The game lasted 00:02:21 (2291 turns).

cforsyth the Sneak (Kobold Brigand)                 Turns: 2291, Time: 00:02:21

Health: -2/32      AC:  4    Str:  8    XL:     5   Next: 3%
Magic:  5/5        EV: 15    Int: 13    God:
Gold:   117        SH:  0    Dex: 18    Spells: 4/4 levels left

rFire   . . .      SeeInvis .    g - +1 dagger (freeze)
rCold   . . .      Faith    .    (no shield)
rNeg    . . .      Spirit   .    b - +0 robe
rPois   .          Reflect  .    h - +0 helmet
rElec   .          Harm     .    c - +0 cloak
rCorr   .          Rampage  .    (no gloves)
Will    .....                    (no boots)
Stlth   ++++                     (no amulet)
HPRegen 0.25/turn                (no ring)
MPRegen 0.09/turn                (no ring)

@: no status effects
A: small, no large weapons, nightstalker 3
a: no special abilities


You were on level 3 of the Dungeon.
You visited 1 branch of the dungeon, and saw 3 of its levels.

You collected 117 gold pieces.

Inventory:

Hand Weapons
 a - a +2 dagger
 g - a +1 dagger of freezing (weapon)
Missiles
 d - 9 poisoned darts (quivered)
 e - 3 curare-tipped darts
Armour
 b - a +0 robe (worn)
 c - a +0 cloak (worn)
 h - a +0 helmet (worn)
Jewellery
 m - a ring of magical power
Wands
 t - a wand of quicksilver (5)
Scrolls
 i - 3 scrolls of amnesia {unknown}
 j - a scroll of brand weapon {unknown}
 k - a scroll of silence {unknown}
 l - 2 scrolls of poison {unknown}
 o - a scroll of enchant weapon {unknown}
 p - 2 scrolls of immolation {unknown}
 q - a scroll of fog {unknown}
 r - a scroll of identify {unknown}
Potions
 f - 2 potions of attraction {unknown}
 n - 3 potions of degeneration {unknown}
 s - a potion of magic {unknown}
 u - a potion of heal wounds {unknown}
 v - a potion of mutation {unknown}


   Skills:
 + Level 3.1 Fighting
 + Level 4.0 Short Blades
 - Level 2.1 Throwing
 + Level 2.7 Dodging
 + Level 6.2 Stealth


You had 4 spell levels left.
You didn't know any spells.
Your spell library contained the following spells:

 Spells                   Type           Power      Damage    Failure   Level
 Inner Flame              Hex/Fire       0%         N/A       67%         3
 Flame Wave               Conj/Fire      0%         2d4       97%         4
 Sticky Flame             Conj/Fire      0%         2d3       97%         4
 Borgnjor's Revivificati  Necr           0%         N/A       100%        8
 Necromutation            Tmut/Necr      0%         N/A       100%        8
 Death's Door             Necr           0%         N/A       100%        9


Dungeon Overview and Level Annotations

Branches:
Dungeon (3/15)

Altars:

Annotations:
D:3 1 runed translucent door, Ijyb; jimonade's ghost, amateur OgWr


Innate Abilities, Weirdness & Mutations

You are small and have problems with some larger weapons.
You are completely attuned to the shadows.


Message History

Found a stone staircase leading down.
No target in view!
No target in view!
No target in view!
v - a fuming ruby potion
Found a spear.
You see here a +0 spear.
An orc comes into view. It is wielding a +0 dagger.
An orc comes into view. It is wielding a +0 hand axe.
There are monsters nearby!
There are monsters nearby!
An orc comes into view. It is wielding a +0 hand axe.
The orc shouts!
The orc misses you.
The orc shouts!
You hit the orc. You freeze the orc.
The orc is almost dead.
The orc barely misses you. The orc hits you with a +0 hand axe.
You closely miss the orc.
The orc is almost dead.
The orc misses you. x2
You hit the orc but do no damage.
The orc is almost dead.
A dart slug comes into view.
The orc hits you with a +0 dagger. The orc hits you with a +0 hand axe.
Ijyb the Twisted Goblin comes into view.
She is wielding a +0 club, wearing a +2 leather armour of cold resistance and carrying a wand of quicksilver (9).
The orc hits you with a +0 hand axe.
You hit the orc but do no damage.
The orc is almost dead.
You hit the orc but do no damage.
The orc is almost dead.
The orc closely misses you. x2; The orc hits you with a +0 hand axe.
The dart slug launches a dart at you. The slug dart misses you.
You hit the orc. You freeze the orc.
You kill the orc!
The orc hits you with a +0 dagger.
Ijyb zaps a wand.
The bolt of dispelling energy hits you!
Ouch! That really hurt!
You die...

#.....##......##...).
.....###..........##.
.....#.#.............
#.....##......#..###.
.....#.#....#.##.....
......##....#.##†....
w....................
#..)oo...............
#g.@.......#........
#.#..................
#.#......###.##..#..
##.#...............>
##.#....##..##.####
##.#...#...##.....
##.#.............
###.............
#.............


You could see Ijyb, a dart slug and 2 orcs.

Vanquished Creatures
  Natasha (twice) (D:2)
  An adder (D:2)
  A worm (D:3)
  An orc (D:3)
  An endoplasm (D:1)
  A giant cockroach (D:1)
  4 hobgoblins
  4 jackals (D:2)
  A quokka (D:2)
  4 ball pythons (D:1)
  6 frilled lizards
  5 goblins
  5 kobolds
  6 rats
42 creatures vanquished.

Vanquished Creatures (others)
  2 plants (D:2)
2 creatures vanquished.

Grand Total: 44 creatures vanquished

Notes
Turn   | Place    | Note
-------+----------+-------------------------------------------
     0 | D:1      | cforsyth the Kobold Brigand began the quest for the Orb.
     0 | D:1      | Reached XP level 1. HP: 12/12 MP: 1/1
   100 | D:1      | Reached XP level 2. HP: 18/18 MP: 2/2
   684 | D:2      | Reached XP level 3. HP: 22/22 MP: 3/3
  1070 | D:2      | Noticed Natasha
  1072 | D:2      | Killed Natasha
  1073 | D:2      | Reached XP level 4. HP: 27/27 MP: 4/4
  1168 | D:2      | Reached skill level 6 in Stealth
  1743 | D:2      | Noticed Natasha
  1767 | D:2      | Killed Natasha
  2062 | D:3      | Reached XP level 5. HP: 32/32 MP: 5/5
  2089 | D:3      | Noticed jimonade's ghost (amateur OgWr)
  2095 | D:3      | Found a runed translucent door.
  2288 | D:3      | Noticed Ijyb
  2291 | D:3      | Killed from afar by Ijyb

Illustrated notes

Levels and vault maps discovered:
D:1:      minmay_arrival_shattered_statue, layout_rooms,
          chequers_serial_rivers_micro_a, minivault_11, roderic_filled_cross
D:2:      layout_basic, serial_forest, infiniplex_forest_end_3,
          infiniplex_forest_end_1, infiniplex_forest_straight_2,
          infiniplex_forest_straight_2, infiniplex_forest_lined_corner,
          infiniplex_forest_clump_curved, infiniplex_forest_pool,
          infiniplex_forest_end_2, eino_curves_02, uniq_natasha
D:3:      wad_pebble_path, layout_basic, hellmonk_ghost_happy_afterlife,
          uniq_ijyb

Skill      XL: |  1  2  3  4 |
---------------+-------------+-----
Short Blades   | 3 4 |  4.0
Dodging        | 2 |  2.7
Fighting       | 3 |  3.1
Stealth        | 6 |  6.2
Throwing       | |  2.1

Action                     |  1- 3 |  4- 6 || total
---------------------------+-------+-------++-------
  Melee: Dagger            |    37 |    39 ||    76
   Stab: Sleeping          |    23 |     6 ||    29
         Distracted        |       |     1 ||     1
 Armour: Robe              |     1 |     3 ||     4
  Dodge: Dodged            |     8 |    19 ||    27

Table legend: (Time is in decaauts)
 A = Elapsed time spent in this place.
 B = Non-inter-level travel time spent in this place.
 C = Inter-level travel time spent in this place.
 D = Time resting spent in this place.
 E = Time spent auto-exploring this place.
 F = Levels seen in this place.
 G = Mean time per level.
                   A        B        C        D        E       F      G
               +--------+--------+--------+--------+--------+-----+--------+
         Total |   2292 |   2245 |     47 |      0 |   1974 |   3 |  764.0 |
       Dungeon |   2292 |   2245 |     47 |      0 |   1974 |   3 |  764.0 |
               +--------+--------+--------+--------+--------+-----+--------+

Top non-repeatable levels by time:
     D:2: 1398 daAuts
     D:1: 635 daAuts
     D:3: 258 daAuts
